 Dungeon Crawl Stone Soup version 0.32-a0-876-gcfddb08e57 (webtiles) character file.

Game seed: 5550231424288207426

1112 javelincjr the Sneak (level 8, -1/46 HPs)
             Began as an Octopode Conjurer on Apr 1, 2024.
             Was an Initiate of Sif Muna.
             Slain by a scorpion (3 damage)
             ... on level 5 of the Dungeon.
             The game lasted 00:23:47 (5558 turns).

javelincjr the Sneak (Octopode Conjurer)            Turns: 5558, Time: 00:23:47

Health: -1/46      AC:  1    Str:  6    XL:     8   Next: 33%
Magic:  11/16      EV: 12    Int: 22    God:    Sif Muna [......]
Gold:   249        SH:  4    Dex: 11    Spells: 13/17 levels left

rFire   . . .        r - +2 dagger (venom)
rCold   + . .        c - +0 buckler
rNeg    . . .        (helmet restricted)
rPois   .            (no amulet)
rElec   .            j - ring of protection from cold
rCorr   .            (no ring)
SInv    .            (no ring)
Will    .....        (no ring)
Stlth   ++++         (no ring)
HPRegen 0.27/turn    (no ring)
MPRegen 0.15/turn    (no ring)
                     (no ring)

%: no passive effects
@: no status effects
A: almost no armour, amphibious, 8 rings, camouflage 1, gelatinous body 1,
(nimble swimmer 1), tentacles
a: Renounce Religion


You were on level 5 of the Dungeon.
You worshipped Sif Muna.
Sif Muna was noncommittal.
You visited 2 branches of the dungeon, and saw 6 of its levels.

You collected 249 gold pieces.

Inventory:

Hand Weapons
 i - a +1 dagger of holy wrath
 r - a +2 dagger of venom (weapon)
Missiles
 m - 4 boomerangs
 n - 5 poisoned darts
Armour
 c - a +0 buckler (worn)
Jewellery
 j - a ring of protection from cold (left tentacle)
 t - a ring of magical power
Scrolls
 b - 5 scrolls of identify {unknown}
 d - 2 scrolls of immolation {unknown}
 e - a scroll of enchant weapon {unknown}
 f - 3 scrolls of teleportation {unknown}
 l - a scroll of enchant armour {unknown}
 o - 2 scrolls of revelation {unknown}
 p - 2 scrolls of blinking {unknown}
 q - a scroll of amnesia {unknown}
 s - a scroll of vulnerability {unknown}
Potions
 a - a potion of magic
 g - a potion of cancellation {unknown}
 h - a potion of attraction {unknown}
 k - a potion of curing
 u - a potion of degeneration {unknown}


   Skills:
 + Level 4.3 Dodging
 + Level 6.0 Stealth
 + Level 3.3 Shields
 * Level 5.3 Spellcasting
 * Level 5.7 Conjurations
 + Level 0.6 Invocations


You had 13 spell levels left.
You knew the following spells:

 Your Spells              Type           Power      Damage    Failure   Level
a - Magic Dart            Conj           100%       1d8       1%          1
b - Searing Ray           Conj           62%        2d6       2%          2
c - Sting                 Conj/Alch      72%        1d7       4%          1

Your spell library contained the following spells:

 Spells                   Type           Power      Damage    Failure   Level
 Static Discharge         Conj/Air       36%        3-5/arc   8%          2
 Apportation              Tloc           10%        N/A       16%         1
 Necrotise                Necr           20%        1d5       16%         1
 Summon Small Mammal      Summ           20%        N/A       16%         1
 Fulminant Prism          Conj/Alch      9%         3d7       45%         4
 Iskenderun's Mystic Bla Conj/Tloc 18%            2d6        (+2d2     45%         4
 Airstrike                Air            2%         2d(1-17)  85%         4
 Summon Lightning Spire   Summ/Air       5%         N/A       85%         4


Dungeon Overview and Level Annotations

Branches:
Dungeon (5/15)             Temple (1/1) D:4

Altars:
Ashenzari
Cheibriados
Dithmenos
Gozag
Makhleb
Nemelex Xobeh
Okawaru
Ru
Sif Muna
Trog
Uskayaw
Wu Jian
Yredelemnul
Zin
The Shining One

Shops:
D:1 (   D:2 (

Annotations:
D:5 Ijyb


Innate Abilities, Weirdness & Mutations

You cannot wear most types of armour.
You are amphibious.
You can wear up to eight rings at the same time.
Your skin changes colour to match your surroundings (Stealth+).
Your rubbery body absorbs attacks. (AC +1, EV +1)
((You are camouflaged when in or above water. (Stealth+)))
You have tentacles for arms and can constrict up to eight enemies at once.


Message History

The ufetubus barely misses you. The ufetubus misses you.
The ufetubus hits you but does no damage.
The searing ray hits the scorpion but does no damage.
The scorpion is heavily wounded.
The searing ray hits the scorpion!
You kill the scorpion!
Sif Muna accepts your kill.
Ijyb shouts!
The scorpion stings you!
* * * LOW HITPOINT WARNING * * *
You are poisoned.
The scorpion poisons you! The ufetubus hits you.
* * * LOW HITPOINT WARNING * * *
The ufetubus misses you. The adder bites you but does no damage.
You block the ufetubus's attack. The ufetubus closely misses you.
The ufetubus misses you. You block the ufetubus's attack.
The scorpion completely misses you.
Your Stealth skill increases to level 6!
It was a potion of curing.
You feel better. The adder closely misses you. The ufetubus barely misses you.
The ufetubus closely misses you. The ufetubus hits you.
* * * LOW HITPOINT WARNING * * *
You block the ufetubus's attack. You block the scorpion's attack.
The adder closely misses you. The ufetubus closely misses you. x2
Casting: Searing Ray (safe; 2% risk of failure)
Confirm with . or Enter, or press ? or * to list all spells.
Aiming: Searing Ray (safe; 2% risk of failure)
Press: ? - help, Shift-Dir - straight line, f - scorpion
Aim: a scorpion (heavily wounded, 79% to hit)
The searing ray hits the scorpion.
The scorpion is severely wounded. (Press . to maintain the ray.)
The ufetubus hits you.
* * * LOW HITPOINT WARNING * * *
The ufetubus barely misses you. The adder bites you.
* * * LOW HITPOINT WARNING * * *
The ufetubus misses you. The ufetubus hits you.
* * * LOW HITPOINT WARNING * * *
The scorpion stings you.
You die...

........<# #.#
#.##.s.....# ....##
##.##.......# ....#.
.........รท.#
......#####.###.#.#.####
....... ................
. ..... #............##
....#.S###..##...##...#
......5@s.............#
#.##..5###.....<......#
#.#. #............# # #.
#..##......#.# ..
#..##....#..>## g.
#...###....#...#
......#.# #.#.#..#..
.Ow.w.#.# .......##.
......... #.#.#..#..


You could see an ogre, Ijyb, a ribbon worm (wandering), a scorpion, an adder and
2 ufetubi.

Vanquished Creatures
  Grinder (D:5)
  A centaur (D:5)
  3 phantoms (D:5)
  A scorpion (D:5)
  A jelly (D:4)
  2 bullfrog zombies (D:5)
  An orc priest (D:4)
  A bullfrog skeleton (D:5)
  A hound (D:5)
  A sleepcap (D:5)
  4 iguanas
  An orc wizard (D:4)
  A hound zombie (D:5)
  8 adders
  An adder zombie (D:5)
  2 ribbon worms (D:3)
  4 dart slugs
  14 orcs
  6 endoplasms
  4 giant cockroaches
  6 goblins
  8 hobgoblins
  4 jackals
  7 kobolds
  3 quokkas
  13 ball pythons
  4 bats
  9 frilled lizards
  6 rats
118 creatures vanquished.

Notes
Turn   | Place    | Note
-------+----------+-------------------------------------------
     0 | D:1      | javelincjr the Octopode Conjurer began the quest for the
                  | Orb.
     0 | D:1      | Reached XP level 1. HP: 11/11 MP: 3/3
   287 | D:1      | Found Lunath's Weapon Shop.
   343 | D:1      | Reached XP level 2. HP: 17/17 MP: 0/5
   429 | D:1      | Reached skill level 3 in Stealth
  1025 | D:2      | Reached XP level 3. HP: 7/21 MP: 0/6
  1028 | D:2      | Learned a level 2 spell: Searing Ray
  1250 | D:2      | Reached skill level 1 in Shields
  1343 | D:2      | Found Wisoar's Weapon Emporium.
  1643 | D:2      | Reached XP level 4. HP: 27/27 MP: 3/8
  1784 | D:2      | Learned a level 1 spell: Sting
  2252 | D:3      | You fall into a shaft and drop 2 floors!
  2252 | D:5      | Entered Level 5 of the Dungeon
  2282 | D:5      | Reached XP level 5. HP: 26/31 MP: 1/9
  2286 | D:5      | Reached skill level 4 in Stealth
  2373 | D:5      | Noticed Grinder
  2390 | D:5      | Paralysed by Grinder for 4 turns
  2397 | D:5      | Killed Grinder
  2398 | D:5      | Reached XP level 6. HP: 36/36 MP: 1/12
  2517 | D:5      | Reached XP level 7. HP: 13/41 MP: 4/13
  2636 | D:5      | Reached skill level 5 in Stealth
  2994 | D:5      | Reached skill level 5 in Conjurations
  3843 | D:3      | Found a faded altar of an unknown god.
  4116 | D:3      | Identified the +6 leather armour of Nato {Str+3}
  4153 | D:3      | Found an ornate altar of the Wu Jian Council.
  4554 | D:4      | Reached skill level 5 in Spellcasting
  4695 | D:4      | Found a bloodstained altar of Trog.
  4722 | D:4      | Reached XP level 8. HP: 31/46 MP: 6/15
  4921 | D:4      | Found a basalt altar of Yredelemnul.
  4950 | D:4      | Found a broken altar of Ashenzari.
  5036 | D:4      | Found a glowing silver altar of Zin.
  5196 | D:4      | Found a staircase to the Ecumenical Temple.
  5491 | Temple   | Entered the Ecumenical Temple
  5500 | Temple   | Became a worshipper of Sif Muna the Loreminder
  5550 | D:5      | Noticed Ijyb
  5557 | D:5      | Reached skill level 6 in Stealth
  5558 | D:5      | HP: 2/46 [ufetubus (2)]
  5558 | D:5      | Slain by a scorpion

Illustrated notes

Levels and vault maps discovered:
D:1:      reono_arrival_forest_river, layout_rooms, serial_shops,
          nicolae_shop_tiny_glass
D:2:      layout_basic, serial_shops, shop, minmay_misc_feat_diagonals
D:3:      layout_loops_ring, nzn_wu_jian_council_hall,
          ebering_ecumenical_altar_rust, nicolae_wormholes
D:4:      layout_gridville, gammafunk_temple_overflow_forgotten,
          mainiacjoe_overflow_concentric_impassable,
          minmay_temple_entry_proselytizer, serial_glass, glass_columns_b,
          glass_columns_b, minmay_strange_pillars, minmay_strange_pillars,
          item_on_display_a, item_on_display_a
D:5:      layout_loops_ring, serial_undead, serial_undead_e, serial_undead_e,
          serial_undead_d, serial_undead_d, nzn_random_ring, uniq_ijyb,
          uniq_grinder
Temple:   hellmonk_temple_flake

Skill      XL: |  1  2  3  4  5  6  7  8 |
---------------+-------------------------+-----
Stealth        | 3 4 5 6 |  6.0
Shields        | 1 2 3 |  3.3
Spellcasting   | 3 4 5 |  5.3
Dodging        | 3 4 |  4.3
Conjurations   | 5 |  5.7
Invocations    | |  0.6

Action                     |  1- 3 |  4- 6 |  7- 9 || total
---------------------------+-------+-------+-------++-------
  Melee: Unarmed           |     2 |       |       ||     2
         Constrict         |     3 |     1 |     5 ||     9
         Dagger            |     5 |     5 |    15 ||    25
         Tentacles         |       |     3 |     4 ||     7
   Cast: Magic Dart        |    59 |    12 |    96 ||   167
         Searing Ray       |     5 |    10 |    35 ||    50
         Sting             |       |    11 |       ||    11
    Use: Potion            |       |       |     2 ||     2
   Stab: Sleeping          |       |       |     1 ||     1
 Armour: Skin              |    11 |    15 |    50 ||    76
  Dodge: Dodged            |    12 |    21 |    54 ||    87
  Block: Buckler           |     8 |     4 |    13 ||    25

Table legend: (Time is in decaauts)
 A = Elapsed time spent in this place.
 B = Non-inter-level travel time spent in this place.
 C = Inter-level travel time spent in this place.
 D = Time resting spent in this place.
 E = Time spent auto-exploring this place.
 F = Levels seen in this place.
 G = Mean time per level.
                   A        B        C        D        E       F      G
               +--------+--------+--------+--------+--------+-----+--------+
         Total |   5566 |   5226 |    340 |    887 |   3120 |   6 |  927.7 |
       Dungeon |   5548 |   5224 |    324 |    887 |   3120 |   5 | 1109.6 |
        Temple |     18 |      2 |     16 |      0 |      0 |   1 |   18.0 |
               +--------+--------+--------+--------+--------+-----+--------+

Top non-repeatable levels by time:
     D:4: 1248 daAuts
     D:1: 1145 daAuts
     D:3: 1128 daAuts
     D:2: 1057 daAuts
     D:5: 967 daAuts
  Temple: 18 daAuts
